Match 38751105
Unlisted

Match 38751105
End
Scout Squad
Selects Airborne Battlegroup
Scout Squad
Scout Squad
Construct Weapon Support Center
Selects Pathfinders
Bazooka Squad
Infantry Support Center
Selects Paratrooper Squad Paradrop
M3 Armored Personnel Carrier
Paratrooper Squad Paradrop
Construct Motor Pool
Bazooka Squad
Improved M9 Bazooka Rockets
Engineer Squad
Construct Tank Depot
M4(105) Sherman Bulldozer
Selects Anti-tank Gun Team Paradrop
Selects Recon Loiter
Selects Anti-tank Gun Team Paradrop
Selects Paradrop Reinforcements
Paradrop Reinforcements
LiffLaffLuff
noozle
Ylaff
Dsadow
Sir Toady
大炮一响黄金万两
wtflolyo
Mael Radec
0
0

Comments sign in to comment!

No comments posted yet!